 Dungeon Crawl Stone Soup version 0.17.2-1-ge4368a0 (webtiles) character file.

8372 SuckerForPain the Spear-Bearer (level 11, -13/75 HPs)
             Began as a Demonspawn Fighter on Oct 22, 2016.
             Was an Elder of Trog.
             Mangled by a freezing wraith (16 damage)
             ... on level 10 of the Dungeon on Oct 24, 2016.
             The game lasted 00:30:00 (12020 turns).

SuckerForPain the Spear-Bearer (DsFi)              Turns: 12020, Time: 00:30:00

Health: -13/75     AC: 19    Str: 23    XL:     11   Next: 9%
Magic:  20/20      EV:  5    Int: 10    God:    Trog [****..]
Gold:   544        SH: 13    Dex: 13    Spells: 0 memorised, 10 levels left

rFire  + . .     SeeInvis .     a - +1 trident
rCold  . . .     Clarity  .     D - +0 plate armour
rNeg   . . .     SustAt   .     c - +1 shield
rPois  +         Gourm    .     G - +2 helmet
rElec  .         Spirit   .     (no cloak)
rCorr  .         Warding  .     (no gloves)
rMut   +         Stasis   .     n - +0 pair of boots
MR     ++...                    M - amulet of Buemebba {rMut rPois Str+4}
Stlth  ..........               i - ring of magical power {MP+9}
                                t - +2 ring of protection

@: regenerating, very resistant to hostile enchantments, extremely unstealthy
A: claws 2, slimy green scales 1, fire resistance 1
a: Berserk, Trog's Hand, Brothers in Arms, Burn Spellbooks, Renounce Religion


You were on level 10 of the Dungeon.
You worshipped Trog.
Trog was greatly pleased with you.
You were not hungry.

You visited 2 branches of the dungeon, and saw 11 of its levels.
You also visited: Sewer.

You collected 634 gold pieces.
You spent 90 gold pieces at shops.


Innate Abilities, Weirdness & Mutations

You have very sharp fingernails.
You are partially covered in slimy green scales (AC +2).
Your flesh is heat resistant.

Inventory:

Hand Weapons
 a - a +1 trident (weapon)
Missiles
 F - 2 throwing nets (quivered) {+f}
Armour
 c - a +1 shield (worn)
 n - a +0 pair of boots (worn)
 D - a +0 plate armour (worn)
 G - a +2 helmet (worn)
Jewellery
 i - a ring of magical power (right claw) {MP+9}
 o - an uncursed ring of fire {unknown}
 t - a +2 ring of protection (left claw)
 M - the amulet of Buemebba (around neck) {rMut rPois Str+4}
   (You found it on level 8 of the Dungeon)

   [amulet of resist mutation]

   It protects you from mutation.
   It affects your strength (+4).
   It protects you from poison.
Wands
 e - a wand of paralysis (14)
 H - a wand of cold (8)
 J - a wand of magic darts (19)
Scrolls
 b - 7 scrolls of magic mapping
 f - a scroll of torment {unknown}
 h - 8 scrolls of identify
 m - 4 scrolls of teleportation
 p - 2 scrolls of fear
 s - 4 scrolls of fog
 u - 3 scrolls of enchant armour
 v - 5 scrolls of remove curse
 w - 7 scrolls of blinking
 C - a scroll of recharging
Potions
 d - 2 potions of might
 j - 2 potions of magic
 l - 2 potions of agility
 x - 2 potions of curing
 z - 2 potions of lignification {unknown}
 E - 3 potions of poison {unknown}
 I - 3 potions of flight {unknown}
 K - a potion of brilliance {unknown}
 L - a potion of invisibility {unknown}
Comestibles
 g - 10 fruits
 k - 2 slices of pizza
 q - 7 beef jerkies
 r - 4 bread rations
 A - 6 meat rations
 B - 11 royal jellies


You had 10 spell levels left.
You didn't know any spells.


   Skills:
 - Level 3.0 Fighting
 * Level 12.8 Polearms
 - Level 2.6 Armour
 + Level 9.4 Shields

Dungeon Overview and Level Annotations

Branches:
Dungeon (10/15)            Temple (1/1) D:4            Lair (0/8) D:8
    Orc: D:9-12

Altars:
Ashenzari
Cheibriados
Dithmenos
Elyvilon
Fedhas
Gozag
Kikubaaqudgha
Makhleb
Nemelex Xobeh
Okawaru
Qazlal
Ru
Sif Muna
Trog
Vehumet
Xom
Yredelemnul
Zin
The Shining One

Shops:
D:5 %   D:6 }   D:7 [

Vault maps used:
D:1:      dpeg_cavernosity, minmay_misc_feat_columns, feat_on_display
D:2:      kennysheep_six_static_rooms, kennysheep_vampire_church
D:3:      nicolae_ashenzari_panopticon, first_bread, minmay_misc_feat_enclosed,
          minmay_misc_feat_iff
D:4:      kennysheep_goblin_castle, lemuel_zombie_altar_yredelemnul,
          temple_statues, fedhas_altar_2, uniq_blork_the_orc, uniq_eustachio
D:5:      zin_purify, serial_shops, shop, portal_sewer_entry_e, basic_altar,
          dk_noncrumbling_4, grunt_ministairs_10
D:6:      lemuel_crystal_altar, serial_shops, shop
D:7:      kennysheep_mini, serial_shops, shop_statue, uniq_duvessa
D:8:      lemuel_doored_altar, vehumet_statue, kennysheep_little_box,
          david_lair_generic, hangedman_pestilent_swarm,
          eino_small_chamber_without_monster
D:9:      overflow_temple_1_default, led_sif_pool
D:10:     uniq_maud, uniq_snorg
Temple:   temple_island_7
Sewer:    sewer_kobolds
You       could see a freezing wraith.


Message History

You block the freezing wraith's attack.
You puncture the yak!
You kill the yak!
Trog accepts your kill. The freezing wraith hits you.
The freezing wraith freezes you!! You block the freezing wraith's attack.
You take 29 damage, and have 46/75 hp.
MASSIVE DAMAGE!!
You hit the freezing wraith.
The freezing wraith is lightly damaged.
You block the freezing wraith's attack.
The freezing wraith hits you but does no damage.
You hit the freezing wraith but do no damage.
The freezing wraith is lightly damaged.
The freezing wraith hits you. The freezing wraith freezes you!
* * * LOW HITPOINT WARNING * * *
The freezing wraith hits you but does no damage.
You take 20 damage, and have 26/75 hp.
MASSIVE DAMAGE!!
You closely miss the freezing wraith.
The freezing wraith is lightly damaged.
You block the freezing wraith's attack.
The freezing wraith hits you but does no damage.
You hit the freezing wraith but do no damage.
The freezing wraith is lightly damaged.
The freezing wraith hits you but does no damage. x2
You hit the freezing wraith.
The freezing wraith is lightly damaged.
You block the freezing wraith's attack. The freezing wraith barely misses you.
You closely miss the freezing wraith.
The freezing wraith is lightly damaged.
You block the freezing wraith's attack. x2
You barely miss the freezing wraith.
The freezing wraith is lightly damaged.
The freezing wraith hits you but does no damage. x2
You barely miss the freezing wraith.
The freezing wraith is lightly damaged.
The freezing wraith hits you!
* * * LOW HITPOINT WARNING * * *
The freezing wraith freezes you!
* * * LOW HITPOINT WARNING * * *
The freezing wraith hits you but does no damage.
You take 17 damage, and have 10/75 hp.
MASSIVE DAMAGE!!
Unknown command.
Your skin crawls.
You feel resistant to hostile enchantments.
You feel slightly more hungry.
You feel yourself speed up. The freezing wraith hits you!
* * * LOW HITPOINT WARNING * * *
The freezing wraith freezes you!
You die...

Action                   |  1- 3 |  4- 6 |  7- 9 | 10-12 || total
-------------------------+-------+-------+-------+-------++-------
Melee: Trident           |   153 |   208 |  1084 |   535 ||  1980
       Spear             |    66 |       |       |       ||    66
Invok: Burn Spellbooks   |       |       |     3 |     1 ||     4
       Berserk           |       |       |     2 |     1 ||     3
       Trog's Hand       |       |       |     2 |     5 ||     7
Evoke: Wand              |       |       |       |     7 ||     7
  Use: Scroll            |     3 |     2 |    10 |     5 ||    20
       Potion            |       |     2 |     5 |     3 ||    10
 Stab: Paralysed         |       |       |       |     9 ||     9
  Eat: Chunk             |     1 |     7 |    32 |     3 ||    43

Notes
Turn   | Place    | Note
--------------------------------------------------------------
     0 | D:1      | SuckerForPain the Demonspawn Fighter began the quest for the Orb.
     0 | D:1      | Reached XP level 1. HP: 18/18 MP: 1/1
   258 | D:1      | Reached skill level 2 in Polearms
   338 | D:1      | Gained mutation: You have sharp fingernails. [demonic ancestry]
   338 | D:1      | Reached XP level 2. HP: 24/24 MP: 2/2
   448 | D:1      | Reached skill level 3 in Shields
   598 | D:1      | Reached XP level 3. HP: 26/29 MP: 3/3
  1080 | D:2      | Reached skill level 3 in Polearms
  1351 | D:2      | Found an ancient bone altar of Kikubaaqudgha.
  1374 | D:2      | Reached XP level 4. HP: 31/35 MP: 4/4
  1389 | D:2      | Reached skill level 4 in Polearms
  1450 | D:2      | Reached XP level 5. HP: 38/41 MP: 5/5
  2129 | D:3      | Reached skill level 4 in Shields
  2450 | D:3      | Gained mutation: You are partially covered in slimy green scales (AC +2). [demonic ancestry]
  2450 | D:3      | Reached XP level 6. HP: 40/47 MP: 6/6
  2499 | D:3      | Found a shattered altar of Ashenzari.
  2669 | D:3      | Reached skill level 5 in Polearms
  3129 | D:4      | Noticed Eustachio
  3150 | D:3      | Killed Eustachio
  3163 | D:3      | Reached XP level 7. HP: 21/52 MP: 7/7
  3440 | D:4      | Found a blossoming altar of Fedhas.
  3524 | D:4      | Reached skill level 6 in Polearms
  3599 | D:4      | Noticed Robin
  3649 | D:4      | Killed Robin
  3928 | D:4      | Found a staircase to the Ecumenical Temple.
  3977 | Temple   | Entered the Ecumenical Temple
  4036 | Temple   | Became a worshipper of Trog the Wrathful
  4261 | D:4      | Noticed Blork the orc
  4293 | D:4      | HP: 2/52 [something/puff of flame (10)]
  4295 | D:4      | Killed Blork the orc
  4555 | D:4      | Found a basalt altar of Yredelemnul.
  4578 | D:5      | Entered Level 5 of the Dungeon
  4578 | D:5      | Found a radiant altar of Vehumet.
  4628 | D:5      | Found Zin's Purification Station.
  4631 | D:5      | Found a glowing silver altar of Zin.
  4731 | D:5      | Found a glowing drain.
  4752 | Sewer    | Entered a sewer
  4759 | Sewer    | Reached skill level 5 in Shields
  5133 | Sewer    | Found a white marble altar of Elyvilon.
  5246 | D:5      | Bought a potion of curing for 90 gold pieces
  5283 | D:5      | Reached skill level 7 in Polearms
  5449 | D:5      | Reached * piety under Trog
  5561 | D:5      | Reached XP level 8. HP: 44/58 MP: 8/8
  5718 | D:5      | Found Jittum's Food Emporium.
  6272 | D:6      | Found Kobbou's Gadget Emporium.
  6299 | D:6      | Reached ** piety under Trog
  6299 | D:6      | Reached skill level 8 in Polearms
  6305 | D:6      | Reached skill level 6 in Shields
  7080 | D:6      | Reached skill level 9 in Polearms
  7121 | D:6      | Found a shimmering altar of Xom.
  7143 | D:6      | Reached XP level 9. HP: 63/63 MP: 9/9
  7350 | D:7      | Found Vopuavam's Antique Armour Shoppe.
  7615 | D:7      | Reached *** piety under Trog
  7663 | D:7      | Noticed Duvessa
  7678 | D:7      | Noticed Dowan
  7695 | D:7      | Killed Duvessa
  7714 | D:7      | Reached skill level 7 in Shields
  7770 | D:7      | Killed Dowan
  8102 | D:7      | Reached skill level 10 in Polearms
  8132 | D:7      | Found a white marble altar of Elyvilon.
  8516 | D:8      | Got a clouded crystal amulet
  8525 | D:8      | Found a radiant altar of Vehumet.
  8930 | D:8      | Found a sacrificial altar of Ru.
  8967 | D:8      | Noticed an elephant
  8967 | D:8      | Found a staircase to the Lair.
  9019 | D:8      | Killed an elephant
  9019 | D:8      | Reached skill level 8 in Shields
  9043 | D:8      | Identified the amulet of Buemebba {rMut rPois Str+4} (You found it on level 8 of the Dungeon)
  9285 | D:8      | Gained mutation: You have very sharp fingernails. [demonic ancestry]
  9285 | D:8      | Reached XP level 10. HP: 61/70 MP: 10/10
  9295 | D:8      | Reached skill level 11 in Polearms
  9448 | D:8      | Found a burning altar of Makhleb.
  9579 | D:9      | Found a stormy altar of Qazlal.
  9725 | D:9      | Reached **** piety under Trog
 10251 | D:9      | Found a deep blue altar of Sif Muna.
 10408 | D:10     | Entered Level 10 of the Dungeon
 11012 | D:10     | Reached skill level 12 in Polearms
 11111 | D:10     | Noticed a seven-headed hydra
 11121 | D:10     | Killed a seven-headed hydra
 11121 | D:10     | Reached skill level 9 in Shields
 11501 | D:10     | Noticed Snorg
 11535 | D:10     | Killed Snorg
 11535 | D:10     | Gained mutation: Your flesh is heat resistant. [demonic ancestry]
 11535 | D:10     | Reached XP level 11. HP: 17/75 MP: 11/11
 12020 | D:10     | HP: 3/75 [freezing wraith (8)]
 12020 | D:10     | Mangled by a freezing wraith

Table legend:
 A = Turns spent in this place as a percentage of turns spent in the entire game.
 B = Non-inter-level travel turns spent in this place as a percentage of non-inter-level travel turns spent in the entire game.
 C = Inter-level travel turns spent in this place as a percentage of turns spent in this place.
 D = Turns resting spent in this place as a percentage of non-inter-level travel turns spent in this place.
 E = Turns spent auto-exploring this place as a percentage of non-inter-level travel turns spent in this place.
 F = Non-inter-level travel turns spent in this place divided by the number of levels of this place that you've seen.
                   A       B       C       D       E      F
               +-------+-------+-------+-------+-------+----------------------
         Total | 100.0 | 100.0 |   0.3 |   2.2 |   8.1 | 335.2
       Dungeon |  97.2 |  97.1 |   0.4 |   2.2 |   8.1 | 390.8
        Temple |   0.5 |   0.5 |   0.0 |   0.0 |   9.1 |  22.0
         Sewer |   2.3 |   2.3 |   0.0 |   3.2 |   5.4 |  93.0
               +-------+-------+-------+-------+-------+----------------------

Table legend:
 A = Kills in this place as a percentage of kills in entire the game.
 B = Kills by you in this place as a percentage of kills by you in the entire game.
 C = Kills by friends in this place as a percentage of kills by friends in the entire game.
 D = Other kills in this place as a percentage of other kills in the entire game.
 E = Experience gained in this place as a percentage of experience gained in the entire game.
 F = Experience gained in this place divided by the number of levels of this place that you have seen.
                   A       B       C       D       E      F
               +-------+-------+-------+-------+-------+----------------------
         Total | 100.0 | 100.0 |  -nan | 100.0 | 100.0 | 996.8
       Dungeon |  96.7 |  96.7 |  -nan | 100.0 |  98.9 | 1182.9
         Sewer |   3.3 |   3.3 |  -nan |   0.0 |   1.1 | 132.0
               +-------+-------+-------+-------+-------+----------------------

Vanquished Creatures
  Snorg (D:10)
  A hydra (D:10)
  An elephant (D:8)
  A gargoyle (D:10)
  4 yaks
  Eustachio (D:3)
  2 soldier ants
  3 ice beasts
  Duvessa (D:7)
  An orc warrior (D:6)
  A spider (D:8)
  2 sky beasts
  A necrophage (D:9)
  A phantom (D:6)
  A wasp (D:8)
  5 ogres
  4 centaurs
  A big kobold (Sewer)
  A crocodile (D:8)
  9 giant frogs
  Blork the orc (D:4)
  A gnoll sergeant (D:7)
  Dowan (D:7)
  A wyvern skeleton (D:9)
  7 scorpions
  11 killer bees
  2 vampire bats (D:2)
  7 crimson imps
  A giant frog zombie (D:7)
  2 jellies
  3 orc priests
  3 giant frog skeletons
  10 orc wizards
  An iguana (D:6)
  4 hounds
  A killer bee zombie (D:9)
  A sheep (D:8)
  A statue (D:8)
  9 worker ants
  2 hound skeletons
  A worker ant zombie (D:8)
  Robin (D:4)
  A river rat (Sewer)
  13 adders
  12 gnolls
  2 shadow imps
  An ooze (D:2)
  3 adder skeletons
  A worm (D:3)
  27 orcs
  2 bat skeletons (D:2)
  3 bat zombies (D:2)
  14 giant cockroaches
  2 gnoll zombies (D:4)
  10 hobgoblins
  8 jackals
  5 quokkas
  4 ball pythons
  10 bats
  11 giant geckos
  A giant gecko skeleton (D:4)
  6 giant newts
  24 goblins
  10 kobolds
  A quokka skeleton (D:4)
  18 rats
  A fungus (D:1)
303 creatures vanquished.

Vanquished Creatures (others)
  An orc wizard (D:6)
1 creature vanquished.

Grand Total: 304 creatures vanquished
